 Dungeon Crawl Stone Soup version 0.26.0-10-g1f06aea511 (webtiles) character file.

Game seed: 3998442655232026202

226 Borgoz the Slasher (level 6, -6/51 HPs)
             Began as a Ghoul Gladiator on Jan 18, 2021.
             Was an Initiate of Okawaru.
             Splashed by Pikel's acid (12 damage)
             ... on level 4 of the Dungeon.
             The game lasted 00:03:34 (2651 turns).

Borgoz the Slasher (Ghoul Gladiator)                Turns: 2651, Time: 00:03:35

Health: -6/51      AC:  6    Str: 18    XL:     6   Next: 1%
Magic:  5/5        EV: 16    Int:  3    God:    Okawaru [......]
Gold:   175        SH:  0    Dex: 12    Spells: 5/5 levels left

rFire    . . .     SeeInvis .   a - +0 long sword
rCold    + . .     Faith    .   (no shield)
rNeg     + + +     Spirit   .   g - +0 ring mail
rPois    ∞         Reflect  .   c - +0 helmet
rElec    .         Harm     .   t - scarf {repulsion}
rCorr    .         Rampage  .   (no gloves)
Will     .....                  (no boots)
Stlth    +.........             (no amulet)
HPRegen  0.00/turn              s - +4 ring of evasion
MPRegen  0.09/turn              (no ring)

@: hasted, repel missiles, very quick
A: claws 1, cold resistance 1, negative energy resistance 3, inhibited
regeneration, torment resistance, unbreathing
a: Renounce Religion


You were on level 4 of the Dungeon.
You worshipped Okawaru.
Okawaru was noncommittal.
You visited 1 branch of the dungeon, and saw 4 of its levels.

You collected 175 gold pieces.

Inventory:

Hand Weapons
 a - a +0 long sword (weapon)
Missiles
 d - 3 throwing nets (quivered)
Armour
 c - a +0 helmet (worn)
 g - a +0 ring mail (worn)
 t - a scarf of repulsion (worn)
Jewellery
 j - an uncursed ring of fire
 s - a +4 ring of evasion (left claw)
Wands
 b - a wand of flame (24)
Scrolls
 h - a scroll of fog {unknown}
 i - a scroll of magic mapping {unknown}
Potions
 e - 3 potions of flight
 f - 2 potions of brilliance
 l - 2 potions of curing
 q - a potion of lignification {unknown}
 r - a potion of heal wounds


   Skills:
 + Level 3.5 Fighting
 * Level 4.2 Long Blades
 - Level 1.7 Throwing
 + Level 2.0 Armour
 + Level 3.5 Dodging


You had 5 spell levels left.
You didn't know any spells.
Your spell library contained the following spells:

 Spells                   Type           Power        Failure   Level
 Beastly Appendage        Tmut           Unusable     N/A         1
 Wereblood                Tmut           Unusable     N/A         2
 Spider Form              Tmut/Pois      Unusable     N/A         3
 Ice Form                 Ice/Tmut       Unusable     N/A         4
 Blade Hands              Tmut           Unusable     N/A         5

Dungeon Overview and Level Annotations

Branches:
Dungeon (4/15)
 Temple: D:4-7

Altars:
Okawaru
Qazlal
Uskayaw
Wu Jian

Annotations:
D:4 Pikel


Innate Abilities, Weirdness & Mutations

You thrive by killing the living.
You are immune to poison.
You have sharp fingernails.
Your flesh is cold resistant. (rC+)
You are immune to negative energy. (rN+++)
You do not regenerate when monsters are visible.
You are immune to unholy pain and torment.
You can survive without breathing.


Message History

Pikel is severely wounded.
The lemure hits you but does no damage. The lemure closely misses you.
Pikel misses you.
You hit Pikel but do no damage.
Pikel is severely wounded.
The lemure closely misses you. The lemure misses you.
You riposte.
You closely miss the lemure. The lemure completely misses you.
Pikel hits you with a +2 whip of freezing.
Pikel freezes you. The lemure misses you.
You riposte.
You barely miss the lemure.
The lemure is lightly wounded.
You closely miss Pikel.
Pikel is severely wounded.
The lemure closely misses you. The lemure hits you but does no damage.
The lemure barely misses you.
You riposte.
You closely miss the lemure.
The lemure is lightly wounded.
Pikel zaps a wand.
The bolt of acid hits you!
* * * LOW HITPOINT WARNING * * *
You are splashed with acid!
You die...

#......+ #......#
##......##### ....(.....<.#
............# +......#
..<........[+ #......#
............######......#
.............K5.........#
.............5@.........#####
#########'##.55...............
#....#..................#
#######...#..................#
#...≈)≈......................#
#.8.≈≈≈.......#####..........#
#8_8..........# #...........
#.8.≈≈≈......## #...........
#...≈)≈......# #...........


You could see Pikel and 4 lemures.

Vanquished Creatures
  Sigmund (D:3)
  An ooze (D:4)
  2 worms
  A dart slug (D:3)
  A leopard gecko (D:1)
  A ball python (D:3)
  3 giant cockroaches
  9 goblins
  4 hobgoblins
  8 jackals
  2 kobolds (D:2)
  6 bats
  4 frilled lizards
  10 rats
53 creatures vanquished.

Notes
Turn   | Place    | Note
-------+----------+-------------------------------------------
     0 | D:1      | Borgoz the Ghoul Gladiator began the quest for the Orb.
     0 | D:1      | Reached XP level 1. HP: 17/17 MP: 0/0
   216 | D:1      | Reached XP level 2. HP: 25/25 MP: 1/1
   305 | D:1      | Reached skill level 3 in Long Blades
   510 | D:1      | You fall into a shaft and drop 1 floor!
   603 | D:2      | Found a hide-covered altar of Uskayaw.
   643 | D:2      | Reached XP level 3. HP: 7/30 MP: 2/2
   943 | D:2      | Found a stormy altar of Qazlal.
  1161 | D:2      | Reached skill level 1 in Armour
  1610 | D:3      | Found an ornate altar of the Wu Jian Council.
  1983 | D:3      | Noticed Sigmund
  2009 | D:3      | Killed Sigmund
  2010 | D:3      | Reached skill level 4 in Long Blades
  2010 | D:3      | Reached XP level 4. HP: 17/38 MP: 3/3
  2010 | D:3      | Reached XP level 5. HP: 20/45 MP: 4/4
  2592 | D:4      | Reached XP level 6. HP: 51/51 MP: 5/5
  2597 | D:4      | Found an iron altar of Okawaru.
  2607 | D:4      | Became a worshipper of Warmaster Okawaru
  2617 | D:4      | Noticed Pikel
  2651 | D:4      | Splashed by Pikel's acid

Illustrated notes

Levels and vault maps discovered:
D:1:      dpeg_arrival_round_a, layout_basic
D:2:      layout_basic, nicolae_qazlal_general_emergency,
          eat_drink_and_be_merry_uskayaw
D:3:      layout_basic, nzn_wu_jian_contemplation, grunt_decor_resistance,
          uniq_sigmund
D:4:      layout_gridville, kennysheep_mini_moat, minmay_temple_entry_offerings,
          kennysheep_okawaru_gauntlet, uniq_eustachio, uniq_pikel

Skill      XL: |  1  2  3 |
---------------+----------+-----
Long Blades    | 3 4 |  4.2
Armour         | 2 |  2.0
Dodging        | 3 |  3.5
Fighting       | 3 |  3.5
Throwing       | |  1.7

Action                   |  1- 3 |  4- 6 || total
-------------------------+-------+-------++-------
Melee: Long sword        |   124 |    45 ||   169
Throw: Throwing net      |     2 |       ||     2
Evoke: Wand              |       |     2 ||     2
  Use: Potion            |     4 |     2 ||     6
       Scroll            |     9 |       ||     9
Armor: Leather armour    |    37 |       ||    37
       Ring mail         |     1 |    31 ||    32
Dodge: Dodged            |   100 |    96 ||   196
       Rpst.: Long sword |    26 |    28 ||    54
